 Dungeon Crawl Stone Soup version 0.27-a0-899-ge2d0b17c59 (webtiles) character file.

Game seed: 1632742469249208597

1439 mhtbhm the Cudgeller (level 8, -4/51 HPs)
             Began as a Gargoyle Berserker on Apr 5, 2021.
             Was a Priest of Trog.
             Slain by an orc warrior
             ... wielding a +0 short sword
              (10 damage)
             ... on level 5 of the Dungeon.
             The game lasted 00:05:13 (5952 turns).

mhtbhm the Cudgeller (Gargoyle Berserker)           Turns: 5952, Time: 00:05:14

Health: -4/51      AC: 13    Str: 23    XL:     8   Next: 74%
Magic:  8/8        EV: 11    Int:  8    God:    Trog [***...]
Gold:   269        SH:  0    Dex:  9    Spells: 7/7 levels left

rFire    . . .     SeeInvis .   a - +0 mace
rCold    + . .     Faith    .   (no shield)
rNeg     + . .     Spirit   .   b - +1 scale mail
rPois    ∞         Reflect  .   (no helmet)
rElec    +         Harm     .   (no cloak)
rCorr    .         Rampage  .   (no gloves)
Will     .....                  (no boots)
Stlth    ..........             (no amulet)
HPRegen  0.17/turn              n - ring of protection from cold
MPRegen  0.11/turn              (no ring)

@: berserk cooldown, slowed, very slow
A: AC +5, negative energy resistance 1, electricity resistance, torment
resistance 1, unbreathing 1, petrification resistance
a: Renounce Religion, Berserk, Trog's Hand


You were on level 5 of the Dungeon.
You worshipped Trog.
Trog was most pleased with you.
You visited 1 branch of the dungeon, and saw 6 of its levels.

You collected 269 gold pieces.

Inventory:

Hand Weapons
 a - a +0 mace (weapon)
Missiles
 e - 2 silver boomerangs (quivered)
Armour
 b - a +1 scale mail (worn)
Jewellery
 n - a ring of protection from cold (left hand)
Wands
 i - a wand of random effects (16)
Scrolls
 c - a scroll of holy word
 d - a scroll of teleportation
 j - a scroll of torment {unknown}
 m - a scroll of enchant armour
 o - a scroll of noise
 q - a scroll of silence {unknown}
Potions
 g - a potion of resistance {unknown}
 h - a potion of magic {unknown}
 k - 2 potions of brilliance {unknown}
 l - 5 potions of might {unknown}
 p - a potion of ambrosia {unknown}
 r - 2 potions of degeneration {unknown}


   Skills:
 + Level 5.9 Fighting
 + Level 7.9 Maces & Flails
 + Level 1.1 Throwing
 + Level 4.8 Armour
 + Level 3.7 Dodging
 + Level 0.3 Evocations


You had 7 spell levels left.
You didn't know any spells.
Your spell library was empty.

Dungeon Overview and Level Annotations

Branches:
Dungeon (6/15)
 Temple: D:4-7

Altars:
Nemelex Xobeh
Vehumet
Zin


Innate Abilities, Weirdness & Mutations

Your stone body is resilient. (AC +5)
You are immune to poison.
You resist negative energy. (rN+)
You are resistant to electric shocks. (rElec)
You are resistant to unholy torment.
You can survive without breathing.
You are immune to petrification.


Message History

You climb upwards.
You feel a strong urge to attack something.
There is a stone staircase leading down here.
Unknown command.
You hit the shadow imp.
The shadow imp is heavily wounded.
The orc warrior hits you with a +0 short sword.
The shadow imp hits you but does no damage.
The orc priest invokes the aid of Beogh against you.
Beogh smites you!
You sock the shadow imp!
You kill the shadow imp!
Trog accepts your kill.
The orc priest mumbles some strange prayers to Beogh against you.
Beogh smites you!
* * * LOW HITPOINT WARNING * * *
You thump the orc warrior!
The orc warrior is severely wounded.
You are no longer berserk.
You pass out from exhaustion.
You feel yourself slow down.
The orc warrior hits you with a +0 short sword.
* * * LOW HITPOINT WARNING * * *
The orc throws a boomerang.
The boomerang hits you but does no damage.
You can move again.
Unknown command.
You feel much better. The orc warrior closely misses you.
The orc barely misses you.
The orc warrior hits you with a +0 short sword.
The orc priest mumbles some strange prayers to Beogh against you.
Beogh smites you!
* * * LOW HITPOINT WARNING * * *
Unknown command.
Okay, then.
As you read the scroll labelled FAVVERCHUFF, it crumbles to dust.
You hear a loud clanging noise!
It was a scroll of noise.
The orc warrior hits you with a +0 short sword!
You die...

### ..############
..#..........#####
..'..........'oo@#
..#..........###o#
..#..........# #o#
..#......._..# #.#
..############
#.#### ..# #....#
..# #.##.# ..#
#.##.# ### ####.#


You could see an orc warrior, an orc priest and 2 orcs.

Vanquished Creatures
  Grinder (D:4)
  A water moccasin (D:5)
  Duvessa (D:5)
  An ice beast (D:5)
  A black bear (D:5)
  A phantom (D:4)
  3 scorpions
  Dowan (D:5)
  A water moccasin zombie (D:5)
  4 hounds (D:5)
  An orc priest (D:5)
  A centaur skeleton (D:4)
  5 orc wizards
  A howler monkey zombie (D:5)
  5 gnolls
  5 adders
  A shadow imp (D:5)
  A white imp (D:5)
  A worm (D:4)
  A dart slug (D:1)
  9 orcs
  3 ball pythons
  7 bats
  5 endoplasms
  2 giant cockroaches
  11 hobgoblins
  4 jackals (D:3)
  6 kobolds
  5 quokkas
  4 frilled lizards (D:1)
  7 goblins
  A jackal skeleton (D:4)
  5 rats
106 creatures vanquished.

Notes
Turn   | Place    | Note
-------+----------+-------------------------------------------
     0 | D:1      | mhtbhm the Gargoyle Berserker began the quest for the Orb.
     0 | D:1      | Reached XP level 1. HP: 14/14 MP: 1/1
   183 | D:1      | Reached XP level 2. HP: 19/19 MP: 2/2
   656 | D:1      | Reached XP level 3. HP: 24/24 MP: 3/3
   873 | D:1      | Found a faded altar of an unknown god.
  1282 | D:2      | Found a glowing silver altar of Zin.
  1454 | D:2      | Reached ** piety under Trog
  2539 | D:3      | Reached XP level 4. HP: 29/29 MP: 4/4
  2542 | D:3      | Reached skill level 4 in Maces & Flails
  3658 | D:4      | Noticed Grinder
  3670 | D:4      | Reached XP level 5. HP: 33/33 MP: 5/5
  3683 | D:4      | Paralysed by Grinder for 2 turns
  3694 | D:4      | Paralysed by Grinder for 2 turns
  3698 | D:4      | Killed Grinder
  3699 | D:4      | Reached skill level 5 in Maces & Flails
  3699 | D:4      | Reached XP level 6. HP: 29/39 MP: 6/6
  3788 | D:4      | Found a sparkling altar of Nemelex Xobeh.
  3922 | D:4      | Reached skill level 1 in Throwing
  3922 | D:4      | Reached XP level 7. HP: 41/44 MP: 7/7
  4006 | D:4      | Reached *** piety under Trog
  4580 | D:5      | Entered Level 5 of the Dungeon
  4604 | D:5      | Reached skill level 6 in Maces & Flails
  4624 | D:5      | Reached skill level 5 in Fighting
  4886 | D:5      | Reached XP level 8. HP: 30/49 MP: 8/8
  5012 | D:5      | Found a radiant altar of Vehumet.
  5126 | D:5      | Noticed Dowan
  5126 | D:5      | Noticed Duvessa
  5134 | D:5      | Reached skill level 7 in Maces & Flails
  5138 | D:5      | Killed Duvessa
  5145 | D:5      | Killed Dowan
  5952 | D:5      | Slain by an orc warrior

Illustrated notes

Levels and vault maps discovered:
D:1:      amcnicky_arrival_underground_garden, layout_loops_ring,
          shapermc_ecumenical_altar_gd
D:2:      layout_basic, basic_altar, minmay_misc_feat_square
D:3:      layout_loops_corners, serial_bayou_pond_d
D:4:      layout_cave_pools, kennysheep_mini, uniq_grinder
D:5:      layout_basic, overflow_temple_1_default, uniq_duvessa
D:6:      layout_basic, lemuel_coloured_pillars_altar, slow_altar_2,
          grunt_ministairs_12, uniq_eustachio

Skill      XL: |  1  2  3  4  5  6  7  8 |
---------------+-------------------------+-----
Fighting       | 4 5 |  5.9
Dodging        | 2 3 |  3.7
Maces & Flails | 4 5 6 7 |  7.9
Armour         | 3 4 |  4.8
Throwing       | 1 |  1.1
Evocations     | |  0.3

Action                   |  1- 3 |  4- 6 |  7- 9 || total
-------------------------+-------+-------+-------++-------
Melee: Mace              |   110 |    94 |   206 ||   410
Throw: Boomerang         |       |     8 |       ||     8
Invok: Berserk           |     3 |     2 |     5 ||    10
Evoke: Wand              |       |     2 |       ||     2
  Use: Scroll            |       |     3 |     3 ||     6
       Potion            |       |       |     1 ||     1
 Stab: Sleeping          |     1 |       |       ||     1
Armor: Animal skin       |    45 |       |       ||    45
       Leather armour    |     1 |    37 |    21 ||    59
       Scale mail        |       |       |   126 ||   126
Dodge: Dodged            |    79 |    71 |   141 ||   291

Table legend: (Time is in decaauts)
 A = Elapsed time spent in this place.
 B = Non-inter-level travel time spent in this place.
 C = Inter-level travel time spent in this place.
 D = Time resting spent in this place.
 E = Time spent auto-exploring this place.
 F = Levels seen in this place.
 G = Mean time per level.
                   A        B        C        D        E       F      G
               +--------+--------+--------+--------+--------+-----+--------+
         Total |   6080 |   6045 |     35 |   1069 |   4058 |   6 | 1013.3 |
       Dungeon |   6080 |   6045 |     35 |   1069 |   4058 |   6 | 1013.3 |
               +--------+--------+--------+--------+--------+-----+--------+

Top non-repeatable levels by time:
     D:5: 1370 daAuts
     D:3: 1346 daAuts
     D:1: 1240 daAuts
     D:2: 1090 daAuts
     D:4: 1016 daAuts
     D:6: 16 daAuts
